 Dungeon Crawl Stone Soup version 0.30-a0-760-g5a9884bb7c (webtiles) character file.

Game seed: 10228443342772991131

1126 Esekla the Sneak (level 8, -28/42 HPs)
             Began as a Vine Stalker Delver on Feb 12, 2023.
             Was a Priest of Vehumet.
             Annihilated by a boulder beetle (40 damage)
             ... on level 6 of the Dungeon.
             The game lasted 00:25:48 (4486 turns).

Esekla the Sneak (Vine Stalker Delver)              Turns: 4486, Time: 00:25:49

Health: -28/42     AC:  5    Str: 15    XL:     8   Next: 35%
Magic:  0/14       EV: 12    Int: 12    God:    Vehumet [***...]
Gold:   203        SH:  0    Dex: 16    Spells: 13/13 levels left

rFire   . . .      SeeInvis .    a - +0 falchion (flame)
rCold   . . .      Faith    .    (no shield)
rNeg    . . .      Spirit   +    b - +0 leather armour
rPois   .          Reflect  .    B - +0 helmet
rElec   .          Harm     .    (no cloak)
rCorr   .          Rampage  .    (no gloves)
Will    +....                    C - +0 pair of boots
Stlth   ++++                     (no amulet)
HPRegen 1.07/turn                (no ring)
MPRegen 0.14/turn                (no ring)

@: no status effects
A: fangs 3, regeneration 1, magic shield, antimagic bite, no potion heal 2
a: Renounce Religion


You were on level 6 of the Dungeon.
You worshipped Vehumet.
Vehumet was most pleased with you.
You visited 2 branches of the dungeon, and saw 7 of its levels.

You collected 203 gold pieces.

Inventory:

Hand Weapons
 a - a +0 falchion of flaming (weapon)
 r - a +0 spear
 s - a +2 dagger of venom
Missiles
 p - 3 poisoned darts
 q - 5 boomerangs (quivered)
Armour
 b - a +0 leather armour (worn)
 B - a +0 helmet (worn)
 C - a +0 pair of boots (worn)
Wands
 g - a wand of digging (12)
 h - a wand of mindburst (7)
 G - a wand of flame (8)
 H - a wand of quicksilver (5)
 J - a wand of polymorph (8)
Scrolls
 c - a scroll of fog
 d - 2 scrolls of magic mapping
 e - a scroll of fear
 i - 3 scrolls of immolation {unknown}
 j - a scroll of acquirement {unknown}
 k - 2 scrolls of enchant weapon {unknown}
 l - a scroll of poison {unknown}
 n - a scroll of blinking {unknown}
 u - 4 scrolls of teleportation
 v - a scroll of noise {unknown}
 w - 3 scrolls of identify {unknown}
 y - a scroll of vulnerability {unknown}
 D - a scroll of torment {unknown}
 F - a scroll of amnesia {unknown}
Potions
 f - a potion of haste
 m - 2 potions of attraction {unknown}
 o - 6 potions of curing {unknown}
 t - 2 potions of heal wounds {unknown}
 x - a potion of might {unknown}
 z - 3 potions of brilliance {unknown}
 A - a potion of cancellation {unknown}
 E - a potion of degeneration {unknown}
 I - a potion of magic {unknown}


   Skills:
 * Level 4.3 Fighting
 + Level 2.2(3.7) Short Blades
 * Level 4.5(4.8) Long Blades
 + Level 1.2 Throwing
 + Level 2.2 Armour
 + Level 2.7 Dodging
 + Level 7.8 Stealth
 * Level 3.3 Spellcasting


You had 13 spell levels left.
You didn't know any spells.
Your spell library contained the following spells:

 Spells                   Type           Power      Damage    Failure   Level
 Static Discharge         Conj/Air       4%         2-3/arc   12%         2
 Hailstorm                Conj/Ice       2%         3d3       22%         3
 Ensorcelled Hibernation  Hex/Ice        4%         N/A       41%         2
 Spider Form              Tmut/Pois      2%         N/A       65%         3
 Anguish                  Hex/Necr       1%         N/A       96%         4
 Ice Form                 Ice/Tmut       2%         N/A       96%         4
 Summon Mana Viper        Hex/Summ       2%         N/A       100%        5
 Simulacrum               Ice/Necr       1%         N/A       100%        6
 Monstrous Menagerie      Summ           1%         N/A       100%        7
 Disjunction              Tloc           1%         N/A       100%        8


Dungeon Overview and Level Annotations

Branches:
Dungeon (6/15)             Temple (1/1) D:5

Altars:
Dithmenos
Fedhas
Gozag
Hepliaklqana
Kikubaaqudgha
Okawaru
Qazlal
Uskayaw
Vehumet
Xom
Yredelemnul
Zin
The Shining One

Shops:
D:5 (

Annotations:
D:6 Grinder


Innate Abilities, Weirdness & Mutations

You have razor-sharp teeth.
Your natural rate of healing is unusually fast.
When hurt, damage is shared between your health and your magic reserves.
Your bite disrupts and absorbs the magic of your enemies.
Potions cannot restore your health.


Message History

Found 115 gold pieces.
The slime creature attacks as you move away!
The slime creature hits you.
Found 100 gold pieces.
The vampire mosquito buzzes angrily.
The orc priest calls down the wrath of Beogh upon you.
Beogh smites you!
The boulder beetle curls into a ball and begins rolling!
The centaur shoots an arrow.
The arrow closely misses you.
The orc shouts!
There is an open door here.
The slime creature attacks as you move away!
The slime creature hits you! The vampire mosquito bites you.
The vampire mosquito draws strength from your injuries!
As you read the scroll labelled KASULI FOCW, it crumbles to dust.
You feel strangely unstable.
It was a scroll of teleportation.
The vampire mosquito misses you. The vampire mosquito bites you.
The vampire mosquito draws strength from your injuries!
You barely miss the vampire mosquito.
The vampire mosquito bites you but does no damage.
The vampire mosquito bites you!
The vampire mosquito draws strength from your injuries!
Your surroundings suddenly seem different.
The centaur shoots an arrow.
The arrow hits you!
* * * LOW HITPOINT WARNING * * *
As you read the scroll of fear, it crumbles to dust.
You assume a fearsome visage.
The slime creature looks frightened!
The centaur looks frightened!
The boulder beetle resists with some effort.
The vampire mosquito is unaffected.
The necrophage is unaffected.
The water moccasin looks frightened!
The sky beast looks frightened!
The ufetubus looks frightened!
The hound looks frightened!
The orc warrior looks frightened!
The orc looks frightened!
The orc priest looks frightened!
The orc looks frightened!
The orc wizard looks frightened!
The orc wizard mumbles some strange words.
The orc wizard flickers and vanishes!
Deactivating autopickup; reactivate with Ctrl-A.
The boulder beetle hits you!!!
Ouch! That really hurt!
You die...

#$$....$$$#
#...
#####'#####
####
#.So..J...#
#.#.
#..y..o...#
#...
#...noc...#
#...
#......5..#
#...
#..○.ohY..#
#...
#.B°{.....#
####
#.@.......#
#
#.........#
#
.'.........
#
############
# # # #


You could see a boulder beetle (rolling), a slime creature (fleeing), an orc
warrior (fleeing), a water moccasin (fleeing), a vampire mosquito, a sky beast
(fleeing), a necrophage, a centaur (fleeing), a hound (fleeing), an orc priest
(fleeing), 2 orcs and an ufetubus (fleeing).

Vanquished Creatures
  3 ogres
  Blork the orc (D:4)
  A bullfrog (D:5)
  A necrophage (D:5)
  A howler monkey (D:4)
  5 jellies
  A hound (D:4)
  An orc priest (D:4)
  Ijyb (D:5)
  Natasha (twice) (D:2)
  2 iguanas
  An orc wizard (D:4)
  Robin (D:4)
  13 adders
  3 gnolls (D:3)
  An ufetubus (D:5)
  A worm (D:2)
  4 dart slugs
  9 orcs
  8 ball pythons
  6 endoplasms
  7 giant cockroaches
  10 hobgoblins
  10 quokkas
  2 bats
  5 frilled lizards
  15 goblins
  8 kobolds
  3 rats
126 creatures vanquished.

Notes
Turn   | Place    | Note
-------+----------+-------------------------------------------
     0 | D:5      | Esekla the Vine Stalker Delver began the quest for the Orb.
     0 | D:5      | Reached XP level 1. HP: 11/11 MP: 2/2
     0 | D:5      | Found a staircase to the Ecumenical Temple.
     9 | Temple   | Entered the Ecumenical Temple
    72 | Temple   | Became a worshipper of Vehumet
   191 | D:5      | Found a stormy altar of Qazlal.
   195 | D:5      | Noticed Ijyb
   250 | D:5      | Reached XP level 2. HP: 16/16 MP: 3/3
   424 | D:3      | Reached XP level 3. HP: 16/19 MP: 2/4
   628 | D:2      | Reached skill level 1 in Spellcasting
   628 | D:2      | Gained mutation: Your natural rate of healing is unusually
                  | fast. [Vine Stalker growth]
   628 | D:2      | Reached XP level 4. HP: 15/24 MP: 4/6
   709 | D:2      | Noticed Natasha
   719 | D:2      | Killed Natasha
   869 | D:2      | Noticed Natasha
   886 | D:2      | Killed Natasha
   887 | D:2      | Reached XP level 5. HP: 21/28 MP: 4/8
  1177 | D:1      | Got Ilounnym's Almanac of Correspondence and Beckoning
  1258 | D:1      | Reached * piety under Vehumet
  1258 | D:1      | Offered knowledge of Shock by Vehumet.
  1837 | D:3      | Found a faded altar of an unknown god.
  2021 | D:3      | Reached skill level 1 in Armour
  2040 | D:3      | Reached skill level 7 in Stealth
  2064 | D:3      | Found a hide-covered altar of Uskayaw.
  2090 | D:3      | Reached ** piety under Vehumet
  2124 | D:3      | Offered knowledge of Magic Dart by Vehumet.
  2162 | D:3      | Reached XP level 6. HP: 31/32 MP: 6/9
  2659 | D:4      | Reached skill level 1 in Short Blades
  2741 | D:4      | Noticed Blork the orc
  2748 | D:4      | Killed Blork the orc
  2956 | D:4      | Noticed Robin
  2960 | D:4      | Reached XP level 7. HP: 15/36 MP: 4/11
  3009 | D:4      | Killed Robin
  3143 | D:4      | Offered knowledge of Static Discharge by Vehumet.
  3629 | D:5      | Killed Ijyb
  3717 | D:5      | Found Lirchoness's Antique Weapon Shop.
  3985 | D:5      | Gained mutation: You have razor-sharp teeth. [Vine Stalker
                  | growth]
  3985 | D:5      | Reached XP level 8. HP: 42/42 MP: 11/13
  4063 | D:5      | Reached *** piety under Vehumet
  4064 | D:5      | Reached skill level 1 in Throwing
  4392 | D:6      | Found an ancient bone altar of Kikubaaqudgha.
  4394 | D:6      | Found a shimmering altar of Xom.
  4406 | D:6      | Noticed Grinder
  4480 | D:6      | Noticed a slime creature
  4480 | D:6      | Noticed a boulder beetle
  4486 | D:6      | Annihilated by a boulder beetle

Illustrated notes

Levels and vault maps discovered:
D:1:      dpeg_arrival_tiny_j, layout_rooms
D:2:      layout_loops_corners, minmay_cut_off, uniq_natasha
D:3:      minmay_bubble_buster, layout_loops_ring,
          eat_drink_and_be_merry_uskayaw, hellmonk_ecumenical_altar_run_dry
D:4:      minmay_recursive_quarters, layout_loops_ring, uniq_robin,
          uniq_blork_the_orc
D:5:      layout_basic, mainiacjoe_overflow_alcove_2,
          minmay_temple_entry_arrows, serial_shops, nicolae_shop_hallway_plus,
          uniq_ijyb
D:6:      minmay_klotski, layout_basic, grunt_temple_overflow_open,
          hangedman_glass_teeth, uniq_menkaure, uniq_grinder
Temple:   nicolae_temple_bog_church

Skill      XL: |  1  2  3  4  5  6  7  8 |
---------------+-------------------------+-----
Long Blades    | 2 3 4 |  4.5
Fighting       | 3 4 |  4.3
Spellcasting   | 1 2 3 |  3.3
Armour         | 1 2 |  2.2
Stealth        | 7 |  7.8
Short Blades   | 1 2 |  2.2
Dodging        | 2 |  2.7
Throwing       | 1 |  1.2

Action                     |  1- 3 |  4- 6 |  7- 9 || total
---------------------------+-------+-------+-------++-------
  Melee: Falchion          |    36 |    55 |    42 ||   133
         Bite              |     5 |    53 |    34 ||    92
         Dagger            |     1 |   137 |    56 ||   194
         Punch             |       |       |     2 ||     2
  Throw: Dart              |       |     5 |     8 ||    13
         Boomerang         |       |     3 |     5 ||     8
    Use: Scroll            |     1 |       |     3 ||     4
   Stab: Sleeping          |     2 |    19 |     5 ||    26
         Distracted        |       |       |     1 ||     1
 Armour: Leather armour    |    15 |    39 |    23 ||    77
  Dodge: Dodged            |    31 |    83 |    44 ||   158

Table legend: (Time is in decaauts)
 A = Elapsed time spent in this place.
 B = Non-inter-level travel time spent in this place.
 C = Inter-level travel time spent in this place.
 D = Time resting spent in this place.
 E = Time spent auto-exploring this place.
 F = Levels seen in this place.
 G = Mean time per level.
                   A        B        C        D        E       F      G
               +--------+--------+--------+--------+--------+-----+--------+
         Total |   4475 |   4138 |    337 |    284 |   1421 |   7 |  639.3 |
       Dungeon |   4387 |   4070 |    317 |    284 |   1367 |   6 |  731.2 |
        Temple |     87 |     67 |     20 |      0 |     54 |   1 |   87.0 |
               +--------+--------+--------+--------+--------+-----+--------+

Top non-repeatable levels by time:
     D:4: 1055 daAuts
     D:3: 995 daAuts
     D:5: 872 daAuts
     D:2: 854 daAuts
     D:1: 444 daAuts
     D:6: 166 daAuts
  Temple: 87 daAuts
